 Dungeon Crawl Stone Soup version 0.18.1-48-g4cf74bf (webtiles) character file.

115 nikopol the Skirmisher (level 4, -2/61 HPs)
             Began as a Minotaur Berserker on Sept 5, 2016.
             Was a Believer of Trog.
             Slain by a killer bee (3 damage)
             ... on level 3 of the Dungeon.
             The game lasted 00:04:19 (1748 turns).

nikopol the Skirmisher (Minotaur Berserker)         Turns: 1748, Time: 00:04:20

Health: -2/61      AC:  8    Str: 27    XL:     4   Next: 68%
Magic:  3/3        EV: 11    Int:  4    God:    Trog [**....]
Gold:   91         SH:  0    Dex: 10    Spells: 0 memorised, 3 levels left

rFire  . . .     SeeInvis .     a - +0 hand axe
rCold  . . .     Gourm    .     e - +0 scale mail
rNeg   . . .     Faith    .     (no shield)
rPois  .         Spirit   .     (helmet restricted)
rElec  .         Dismiss  .     o - +0 cloak
rCorr  .         Reflect  .     (no gloves)
SustAt .         Harm     .     (no boots)
MR     .....                    (no amulet)
Stlth  ..........               (no ring)
                                (no ring)

@: berserking, lethally poisoned (-2 -> -16), very quick, not resistant to
hostile enchantments, extremely unstealthy
A: retaliatory headbutt, horns 2
a: Berserk, Trog's Hand, Burn Spellbooks, Renounce Religion


You were on level 3 of the Dungeon.
You worshipped Trog.
Trog was pleased with you.
You were not hungry.

You visited 1 branch of the dungeon, and saw 3 of its levels.

You collected 91 gold pieces.

Inventory:

Hand Weapons
 a - a +0 hand axe (weapon)
Armour
 b - a +0 animal skin
 e - a +0 scale mail (worn)
 o - a +0 cloak (worn)
Scrolls
 d - a scroll of blinking {unknown}
 f - 3 scrolls of identify {unknown}
 g - 3 scrolls of remove curse {unknown}
 j - a scroll of enchant armour {unknown}
 m - a scroll of recharging {unknown}
Potions
 h - a potion of might {unknown}
 k - 3 potions of degeneration {unknown}
 l - a potion of ambrosia {unknown}
 n - a potion of mutation {unknown}
 p - a potion of brilliance {unknown}
Comestibles
 c - 3 bread rations


   Skills:
 + Level 4.4 Fighting
 + Level 4.3 Axes
 + Level 3.9 Armour
 + Level 3.4 Dodging


You had 3 spell levels left.
You didn't know any spells.

Dungeon Overview and Level Annotations

Branches:
Dungeon (3/15)

Altars:
Ashenzari
Elyvilon


Innate Abilities, Weirdness & Mutations

You reflexively headbutt those who attack you in melee.
You have a pair of horns on your head.


Message History

* * * LOW HITPOINT WARNING * * *
You feel sick.
The killer bee stings you but does no damage.
You miss the killer bee.
The killer bee is heavily wounded.
* * * LOW HITPOINT WARNING * * *
You feel sick. The killer bee stings you.
* * * LOW HITPOINT WARNING * * *
The killer bee stings you.
* * * LOW HITPOINT WARNING * * *
You closely miss the killer bee.
The killer bee is heavily wounded.
* * * LOW HITPOINT WARNING * * *
You feel sick. The killer bee stings you.
* * * LOW HITPOINT WARNING * * *
You completely miss the killer bee.
The killer bee is heavily wounded.
* * * LOW HITPOINT WARNING * * *
You feel sick. The killer bee stings you.
You die...

### #.. ###.#
#...# .#
#.#<#######.#
#...........#
#.##.....#..#
#...#....#..#
#....#.@#..#
#....###yy.#
#...# #.hr.#
#..# #....#
#..# ..#...#
#..
.....##..#
#........ ..#
....... ...
###.#.. .###


You could see 2 killer bees, a jackal and a rat.

Vanquished Creatures
  A killer bee (D:3)
  An adder (D:2)
  An ooze (D:1)
  2 adder zombies (D:1)
  2 worms (D:2)
  A giant gecko (D:2)
  7 bats
  3 giant cockroaches
  8 goblins
  2 hobgoblins (D:1)
  A jackal (D:3)
  2 quokkas (D:2)
  3 giant newts
  7 kobolds
  5 rats
46 creatures vanquished.

Notes
Turn   | Place    | Note
--------------------------------------------------------------
     0 | D:1      | nikopol the Minotaur Berserker began the quest for the Orb.
     0 | D:1      | Reached XP level 1. HP: 19/19 MP: 0/0
    59 | D:1      | Reached XP level 2. HP: 20/27 MP: 1/1
   873 | D:1      | Reached XP level 3. HP: 33/33 MP: 2/2
   938 | D:1      | Reached ** piety under Trog
  1323 | D:2      | Found a white marble altar of Elyvilon.
  1567 | D:2      | Reached XP level 4. HP: 36/40 MP: 3/3
  1683 | D:2      | Found a shattered altar of Ashenzari.
  1747 | D:3      | HP: 2/61 [killer bee (6)]
  1748 | D:3      | Slain by a killer bee

Skill      XL: |  1  2  3 |
---------------+----------+-----
Armour         | 3 |  3.9
Fighting       | 4 |  4.4
Axes           | 4 |  4.3
Dodging        | 3 |  3.4

Action                   |  1- 3 |  4- 6 || total
-------------------------+-------+-------++-------
Melee: Hand axe          |   124 |    13 ||   137
       Headbutt          |    15 |       ||    15
Invok: Berserk           |       |     1 ||     1
  Eat: Chunk             |     2 |     1 ||     3
Armor: Scale mail        |    53 |     5 ||    58
       Animal skin       |     4 |       ||     4
Dodge: Dodged            |    68 |    12 ||    80
